 Dungeon Crawl Stone Soup version 0.30-a0-1160-g6e42c06551 (webtiles) character file.

Game seed: 13153779120871014652

900 zlionsfan the Ducker (level 8, 0/100 HPs)
             Began as a Gnoll Monk on Apr 22, 2023.
             Was a Priest of Trog.
             Succumbed to a gnoll sergeant's poison
             ... on level 5 of the Dungeon on Apr 25, 2023.
             The game lasted 00:12:17 (4328 turns).

zlionsfan the Ducker (Gnoll Monk)                   Turns: 4328, Time: 00:12:17

Health: 0/100      AC:  4    Str: 10 (12) XL:     8   Next: 7%
Magic:  4/12       EV: 14    Int: 10 (11) God:    Trog [***...]
Gold:   197        SH:  4    Dex: 13 (14) Spells: 13/13 levels left

rFire   + . .        n - +1 short sword (venom)
rCold   . . .        l - +0 buckler
rNeg    + . .        b - +0 robe
rPois   .            g - +1 hat
rElec   .            (no cloak)
rCorr   .            (no gloves)
SInv    .            k - +0 pair of boots
Will    .....        m - amulet of guardian spirit Stlth
                     q - ring of positive energy
HPRegen 0.36/turn    u - ring of protection from fire
MPRegen 0.13/turn

%: guardian spirit
@: berserking, lethally poisoned (0 -> -19), very quick
A: fangs 1, strong nose, distributed training
a: Renounce Religion, Berserk, Trog's Hand


You were on level 5 of the Dungeon.
You worshipped Trog.
Trog was most pleased with you.
You visited 2 branches of the dungeon, and saw 6 of its levels.
You also visited: Ossuary.

You collected 197 gold pieces.

Inventory:

Hand Weapons
 a - a +0 hand axe
 n - a +1 short sword of venom (weapon)
Armour
 b - a +0 robe (worn)
 g - a +1 hat (worn)
 k - a +0 pair of boots (worn)
 l - a +0 buckler (worn)
Jewellery
 m - an amulet of guardian spirit (around neck)
 q - a ring of positive energy (left hand)
 u - a ring of protection from fire (right hand)
Wands
 j - a wand of iceblast (7)
 p - a wand of polymorph (7)
Scrolls
 c - a scroll of blinking {unknown}
 e - a scroll of fear {unknown}
 f - 2 scrolls of enchant armour {unknown}
 h - 2 scrolls of teleportation
 o - a scroll of immolation {unknown}
 t - a scroll of magic mapping {unknown}
 v - a scroll of amnesia {unknown}
 w - a scroll of silence {unknown}
 x - a scroll of poison {unknown}
Potions
 r - a potion of magic
 s - a potion of degeneration


   Skills:
 + Level 7.3 Fighting
 + Level 3.0 Short Blades
 + Level 3.0 Long Blades
 + Level 7.3 Axes
 + Level 3.0 Maces & Flails
 + Level 3.0 Polearms
 + Level 3.0 Staves
 + Level 3.0 Ranged Weapons
 + Level 3.0 Throwing
 + Level 3.0 Armour
 + Level 7.3 Dodging
 + Level 3.0 Stealth
 + Level 3.0 Shields
 + Level 3.0 Unarmed Combat
 + Level 3.0 Spellcasting
 + Level 2.4 Conjurations
 + Level 2.4 Hexes
 + Level 2.4 Summonings
 + Level 2.4 Necromancy
 + Level 2.4 Translocations
 + Level 2.4 Transmutations
 + Level 2.4 Fire Magic
 + Level 2.4 Ice Magic
 + Level 2.4 Air Magic
 + Level 2.4 Earth Magic
 + Level 2.4 Poison Magic
 + Level 3.3 Invocations
 + Level 3.0 Evocations


You had 13 spell levels left.
You didn't know any spells.
Your spell library was empty.

Dungeon Overview and Level Annotations

Branches:
Dungeon (5/15)             Temple (1/1) D:4         Ossuary (visited)

Altars:
Ashenzari
Cheibriados
Dithmenos
Elyvilon
Gozag
Kikubaaqudgha
Makhleb
Nemelex Xobeh
Okawaru
Qazlal
Ru
Sif Muna
Trog
Uskayaw
Vehumet
Wu Jian
Xom
Zin
The Shining One


Innate Abilities, Weirdness & Mutations

You have very sharp teeth.
Your uncanny sense of smell can sniff out nearby items.
Your experience applies equally to all skills.


Message History

The gnoll sergeant hits you with a +5 spear of venom!
You are poisoned.
You hit the gnoll sergeant but do no damage.
The gnoll sergeant is poisoned.
You feel very sick.
The gnoll hits you from afar with a +0 spear.
The gnoll sergeant closely misses you.
You closely miss the gnoll sergeant. Your bite misses the gnoll sergeant.
You feel very sick.
The gnoll hits you from afar with a +0 spear.
The gnoll sergeant misses you.
You barely miss the gnoll sergeant.
You feel very sick.
The gnoll hits you from afar with a +0 spear.
The gnoll sergeant hits you with a +5 spear of venom.
You are more poisoned.
You hit the gnoll sergeant but do no damage.
The gnoll sergeant looks as sick as possible!
The gnoll sergeant is lightly wounded.
* * * LOW HITPOINT WARNING * * *
You feel very sick. The gnoll misses you.
The gnoll sergeant hits you with a +5 spear of venom!
* * * LOW HITPOINT WARNING * * *
It was a potion of magic.
Magic courses through your body.
* * * LOW HITPOINT WARNING * * *
You feel very sick. The gnoll hits you but does no damage.
You block the gnoll sergeant's attack.
It was a potion of degeneration.
There was something very wrong with that liquid.
You feel weakened.
You feel dopey.
You feel clumsy.
* * * LOW HITPOINT WARNING * * *
You feel very sick. The gnoll closely misses you.
The gnoll sergeant hits you with a +5 spear of venom!
* * * LOW HITPOINT WARNING * * *
You are more poisoned.
A red film seems to cover your vision as you go berserk!
You feel yourself moving faster!
You feel mighty!
You die...

##....#.# #...).#
#######
........###...#.#
#.....#
#..........#.###..[..#
#...#####..#......?...
#.... #..####..:....
#.#.. #..# ##...... #
...#####..#####..###.
##..#.............# #.
#.g#@###..######.# #.
#..#g# #..# #.# #. #g#
#..######.###. )..
#...)......... ...
#.###.###.....
.......###.########
.....####.........<
#.....# #..########
..######.(# #


You could see a gnoll sergeant (extremely poisoned) and a gnoll.

Vanquished Creatures
  Prince Ribbit (D:5)
  Sigmund (D:5)
  2 scorpions
  A howler monkey (D:4)
  A hound (D:4)
  An orc priest (D:4)
  Jessica (D:3)
  2 iguanas (D:4)
  Ijyb (D:4)
  2 mummies (Ossuary)
  A howler monkey zombie (Ossuary)
  6 adders
  3 gnolls (D:5)
  An ufetubus (D:5)
  A worm (D:4)
  14 orcs
  8 bats
  2 bat zombies (D:3)
  11 endoplasms
  5 giant cockroaches
  9 hobgoblins
  3 jackals (D:1)
  7 kobolds
  2 quokkas
  11 ball pythons
  2 frilled lizards (D:1)
  2 goblins
  7 rats
  2 rat zombies (D:3)
110 creatures vanquished.

Vanquished Creatures (others)
  5 demonic plants (D:2)
  A plant (D:2)
  2 withered plants (Ossuary)
8 creatures vanquished.

Grand Total: 118 creatures vanquished

Notes
Turn   | Place    | Note
-------+----------+-------------------------------------------
     0 | D:1      | zlionsfan the Gnoll Monk began the quest for the Orb.
     0 | D:1      | Reached XP level 1. HP: 23/23 MP: 1/1
   128 | D:1      | Reached XP level 2. HP: 25/29 MP: 2/2
   325 | D:1      | Reached XP level 3. HP: 35/35 MP: 3/3
   928 | D:2      | Reached skill level 1 in Invocations
   963 | D:2      | Found a faded altar of an unknown god.
   972 | D:2      | Reached skill level 1 in Short Blades
   972 | D:2      | Reached skill level 1 in Long Blades
   972 | D:2      | Reached skill level 1 in Maces & Flails
   972 | D:2      | Reached skill level 1 in Polearms
   972 | D:2      | Reached skill level 1 in Staves
   972 | D:2      | Reached skill level 1 in Ranged Weapons
   972 | D:2      | Reached skill level 1 in Throwing
   972 | D:2      | Reached skill level 1 in Armour
   972 | D:2      | Reached skill level 1 in Stealth
   972 | D:2      | Reached skill level 1 in Shields
   972 | D:2      | Reached skill level 1 in Unarmed Combat
   972 | D:2      | Reached skill level 1 in Spellcasting
   972 | D:2      | Reached skill level 1 in Evocations
   985 | D:2      | Found a bloodstained altar of Trog.
  1052 | D:2      | Became a worshipper of Trog the Wrathful
  1052 | D:2      | Reached * piety under Trog
  1052 | D:2      | Reached ** piety under Trog
  1165 | D:2      | Reached XP level 4. HP: 35/41 MP: 5/5
  1408 | D:2      | Reached skill level 1 in Conjurations
  1408 | D:2      | Reached skill level 1 in Hexes
  1408 | D:2      | Reached skill level 1 in Summonings
  1408 | D:2      | Reached skill level 1 in Necromancy
  1408 | D:2      | Reached skill level 1 in Translocations
  1408 | D:2      | Reached skill level 1 in Transmutations
  1408 | D:2      | Reached skill level 1 in Fire Magic
  1408 | D:2      | Reached skill level 1 in Ice Magic
  1408 | D:2      | Reached skill level 1 in Air Magic
  1408 | D:2      | Reached skill level 1 in Earth Magic
  1408 | D:2      | Reached skill level 1 in Poison Magic
  1685 | D:3      | Noticed Jessica
  1694 | D:3      | Killed Jessica
  1808 | D:3      | Found a sacrificial altar of Ru.
  1843 | D:3      | Reached XP level 5. HP: 46/47 MP: 7/7
  2173 | D:3      | Found a burning altar of Makhleb.
  2351 | D:3      | Found an ancient bone altar of Kikubaaqudgha.
  2475 | D:4      | Upgraded the game from 0.30-a0-1116-gebefce21f7 to
                  | 0.30-a0-1160-g6e42c06551
  2494 | D:4      | Reached *** piety under Trog
  2525 | D:4      | Reached XP level 6. HP: 15/53 MP: 1/8
  2689 | D:4      | Noticed Ijyb
  2767 | D:4      | Killed Ijyb
  2807 | D:4      | Found a staircase to the Ecumenical Temple.
  2817 | Temple   | Entered the Ecumenical Temple
  3728 | D:5      | Entered Level 5 of the Dungeon
  3737 | D:5      | Noticed Prince Ribbit
  3782 | D:5      | Killed Prince Ribbit
  3783 | D:5      | Reached XP level 7. HP: 26/60 MP: 3/10
  4112 | D:5      | Found a sand-covered staircase.
  4113 | D:5      | Noticed Sigmund
  4126 | D:5      | Killed Sigmund
  4130 | Ossuary  | Entered an ossuary
  4173 | Ossuary  | Reached XP level 8. HP: 67/67 MP: 12/12
  4327 | D:5      | HP: 3/67 [poisoned by a gnoll sergeant]
  4328 | D:5      | Succumbed to a gnoll sergeant's poison

Illustrated notes

Levels and vault maps discovered:
D:1:      giann_wishing_wells, layout_loops_ring
D:2:      layout_loops_cross, basic_altar, shapermc_ecumenical_altar_gd
D:3:      layout_loops_cross, mainiacjoe_overflow_six_doors_small,
          bloody_makhleb, lemuel_zombie_altar_kikubaaqudgha,
          kennysheep_generic_room_3, uniq_jessica
D:4:      layout_loops_cross, minmay_temple_entry_statues_fountains, uniq_ijyb
D:5:      layout_loops_ring, enter_ossuary_1, uniq_duvessa, uniq_blork_the_orc,
          uniq_sigmund, uniq_prince_ribbit1
Temple:   compressed_dpeg_triangle_lava_temple

Skill      XL: |  1  2  3  4  5  6  7 |
---------------+----------------------+-----
Invocations    | 1 2 3 |  3.3
Short Blades   | 1 2 3 |  3.0
Long Blades    | 1 2 3 |  3.0
Maces & Flails | 1 2 3 |  3.0
Polearms       | 1 2 3 |  3.0
Staves         | 1 2 3 |  3.0
Ranged Weapons | 1 2 3 |  3.0
Throwing       | 1 2 3 |  3.0
Armour         | 1 2 3 |  3.0
Stealth        | 1 2 3 |  3.0
Shields        | 1 2 3 |  3.0
Unarmed Combat | 1 2 3 |  3.0
Spellcasting   | 1 2 3 |  3.0
Evocations     | 1 2 3 |  3.0
Conjurations   | 1 2 |  2.4
Hexes          | 1 2 |  2.4
Summonings     | 1 2 |  2.4
Necromancy     | 1 2 |  2.4
Translocations | 1 2 |  2.4
Transmutations | 1 2 |  2.4
Fire Magic     | 1 2 |  2.4
Ice Magic      | 1 2 |  2.4
Air Magic      | 1 2 |  2.4
Earth Magic    | 1 2 |  2.4
Poison Magic   | 1 2 |  2.4
Fighting       | 7 |  7.3
Axes           | 7 |  7.3
Dodging        | 7 |  7.3

Action                     |  1- 3 |  4- 6 |  7- 9 || total
---------------------------+-------+-------+-------++-------
  Melee: Hand axe          |    86 |    16 |       ||   102
         Bite              |     5 |    29 |     5 ||    39
         Short sword       |       |   224 |    45 ||   269
 Invoke: Trog's Hand       |       |     1 |       ||     1
         Berserk           |       |     2 |     2 ||     4
  Evoke: Wand              |       |     1 |     1 ||     2
    Use: Potion            |       |     1 |     2 ||     3
         Scroll            |       |       |     2 ||     2
   Stab: Sleeping          |     1 |     3 |       ||     4
         Distracted        |       |       |     1 ||     1
 Armour: Robe              |    12 |    43 |     3 ||    58
  Dodge: Dodged            |    50 |   168 |    20 ||   238
  Block: Buckler           |       |    44 |     7 ||    51

Table legend: (Time is in decaauts)
 A = Elapsed time spent in this place.
 B = Non-inter-level travel time spent in this place.
 C = Inter-level travel time spent in this place.
 D = Time resting spent in this place.
 E = Time spent auto-exploring this place.
 F = Levels seen in this place.
 G = Mean time per level.
                   A        B        C        D        E       F      G
               +--------+--------+--------+--------+--------+-----+--------+
         Total |   4338 |   4189 |    149 |    375 |   2850 |   7 |  619.7 |
       Dungeon |   3993 |   3859 |    134 |    329 |   2610 |   5 |  798.6 |
        Temple |    262 |    247 |     15 |      0 |    240 |   1 |  262.0 |
       Ossuary |     81 |     81 |      0 |     46 |      0 |   1 |   81.0 |
               +--------+--------+--------+--------+--------+-----+--------+

Top non-repeatable levels by time:
     D:4: 1005 daAuts
     D:1: 876 daAuts
     D:2: 800 daAuts
     D:3: 782 daAuts
     D:5: 529 daAuts
  Temple: 262 daAuts
 Ossuary: 81 daAuts
